 Dungeon Crawl Stone Soup version 0.26-a0-639-g72c4674329 (webtiles) character file.

Game seed: 15565170428737723523

308 DogServant the Digger (level 6, -5/36 HPs)
             Began as a Gargoyle Earth Elementalist on Sept 15, 2020.
             Was an Initiate of Ashenzari.
             Killed by divine providence
             ... invoked by an orc priest
              (14 damage)
             ... on level 4 of the Dungeon.
             The game lasted 00:10:03 (3974 turns).

DogServant the Digger (Gargoyle Earth Elementalist) Turns: 3974, Time: 00:10:03

Health: -5/36      AC:  7    Str: 12    XL:     6   Next: 40%
Magic:  11/11      EV: 13    Int: 17    God:    Ashenzari [......]
Gold:   212        SH:  0    Dex: 22    Spells: 7/11 levels left

rFire    . . .     SeeInvis .   l - +2 dagger (venom)
rCold    . . .     Faith    .   (no shield)
rNeg     + . .     Spirit   .   c - +0 robe
rPois    ∞         Reflect  .   n - +0 helmet
rElec    +         Harm     .   q - scarf {+Inv}
rCorr    .         Rampage  .   (no gloves)
MR       .....                  (no boots)
Stlth    +++.......             (no amulet)
HPRegen  0.12/turn              i - +6 ring of dexterity
MPRegen  0.12/turn              y - +6 ring of dexterity

@: no status effects
A: negative energy resistance 1, electricity resistance, unbreathing,
petrification resistance, rot immunity, AC +4
a: Curse Item, Renounce Religion, Evoke Invisibility


You were on level 4 of the Dungeon.
You worshipped Ashenzari.
Ashenzari was noncommittal.
You visited 2 branches of the dungeon, and saw 5 of its levels.

You collected 212 gold pieces.

Inventory:

Hand Weapons
 a - a +0 whip
 k - a +0 dagger of electrocution
 l - a +2 dagger of venom (weapon)
 x - a +0 club
Missiles
 b - 93 stones (quivered)
Armour
 c - a +0 robe (worn)
 n - a +0 helmet (worn)
 q - a scarf of invisibility (worn)
 w - a +0 leather armour
Jewellery
 i - a +6 ring of dexterity (left hand)
 y - a +6 ring of dexterity (right hand)
Wands
 h - a wand of random effects (16)
Scrolls
 d - 6 scrolls of magic mapping {unknown}
 m - a scroll of immolation {unknown}
 o - a scroll of blinking {unknown}
 s - 2 scrolls of teleportation {unknown}
 u - a scroll of remove curse
 A - 3 scrolls of identify {unknown}
 B - a scroll of random uselessness {unknown}
 C - 2 scrolls of enchant armour {unknown}
Potions
 e - 3 potions of mutation {unknown}
 f - a potion of curing {unknown}
 g - a potion of haste
 j - a potion of flight {unknown}
 p - 2 potions of lignification {unknown}
 r - 2 potions of ambrosia {unknown}
 t - 2 potions of might {unknown}
 v - a potion of heal wounds {unknown}
 z - a potion of brilliance {unknown}


   Skills:
 + Level 2.5 Fighting
 - Level 0.2 Short Blades
 - Level 0.9 Maces & Flails
 + Level 1.5 Armour
 - Level 2.2 Dodging
 - Level 2.8 Stealth
 + Level 3.4 Spellcasting
   Level 0.7 Transmutations
 + Level 5.3 Earth Magic


You had 7 spell levels left.
You knew the following spells:

 Your Spells              Type           Power        Failure   Level
a - Sandblast             Erth           ###...       1%          1
b - Stone Arrow           Conj/Erth      ##....       17%         3

Your spell library contained the following spells:

 Spells                   Type           Power        Failure   Level
 Passwall                 Tmut/Erth      ##......     8%          2
 Petrify                  Tmut/Erth      ##......     43%         4
 Lee's Rapid Deconstruct  Erth           ###.......   45%         5


Dungeon Overview and Level Annotations

Branches:
Dungeon (4/15)             Temple (1/1) D:4

Altars:
Ashenzari
Cheibriados
Dithmenos
Elyvilon
Fedhas
Gozag
Kikubaaqudgha
Makhleb
Nemelex Xobeh
Okawaru
Trog
Xom
Yredelemnul
Zin


Innate Abilities, Weirdness & Mutations

You are resistant to torment.
Your stone body is resilient. (AC +4)
You are immune to poison.
You resist negative energy. (rN+)
You are resistant to electric shocks. (rElec)
You can survive without breathing.
You are immune to petrification.
You are immune to rotting.


Message History

The orc shouts!
The orc moves out of view.
An orc comes into view. It is wielding a +0 hand axe.
An orc is nearby!
An orc priest comes into view.
The orc shouts!
The orc priest shouts!
Found 6 bolts.
The orc priest calls down the wrath of Beogh upon you.
Beogh smites you! The orc hits you with a +0 hand axe.
You barely miss the orc. The orc hits you with a +0 hand axe.
The orc priest looks satisfied for a moment.
You closely miss the orc. The orc hits you but does no damage.
The orc priest calls down the wrath of Beogh upon you.
Beogh smites you!
You hit the orc but do no damage. The orc hits you with a +0 hand axe.
* * * LOW HITPOINT WARNING * * *
The orc priest calls down the wrath of Beogh upon you.
Beogh smites you!
You die...

.......#
#........?#
########
#....o....#
##.......##
##.....##
##########
###..##
.....)...###
##.o.##
########...##
#..###
###..######.##
##.....@oo#
##########


You could see an orc priest and 2 orcs.

Vanquished Creatures
  A bullfrog (Temple)
  An orc priest (D:3)
  7 adders
  4 oozes
  An adder skeleton (D:4)
  A worm (D:3)
  5 dart slugs
  5 leopard geckos
  11 orcs
  6 bats
  10 giant cockroaches
  10 goblins
  11 hobgoblins
  2 quokkas (D:2)
  A ball python (D:2)
  6 frilled lizards
  14 kobolds
  11 rats
107 creatures vanquished.

Notes
Turn   | Place    | Note
-------+----------+-------------------------------------------
     0 | D:1      | DogServant the Gargoyle Earth Elementalist began the quest
                  | for the Orb.
     0 | D:1      | Reached XP level 1. HP: 10/10 MP: 3/3
   531 | D:1      | Reached XP level 2. HP: 15/15 MP: 3/5
   966 | D:1      | Reached skill level 4 in Earth Magic
   973 | D:1      | Reached XP level 3. HP: 19/19 MP: 1/6
  1564 | D:2      | Reached XP level 4. HP: 18/24 MP: 2/7
  2116 | D:2      | Reached skill level 1 in Fighting
  2326 | D:2      | Reached XP level 5. HP: 24/29 MP: 9/9
  3211 | D:3      | Learned a level 3 spell: Stone Arrow
  3256 | D:3      | Found a burning altar of Makhleb.
  3258 | D:3      | Reached skill level 5 in Earth Magic
  3396 | D:4      | Found a staircase to the Ecumenical Temple.
  3419 | Temple   | Entered the Ecumenical Temple
  3422 | Temple   | Reached skill level 1 in Armour
  3422 | Temple   | Reached XP level 6. HP: 29/36 MP: 9/11
  3557 | Temple   | Became a worshipper of Ashenzari the Shackled
  3974 | D:4      | Killed from afar by an orc priest

Illustrated notes

Levels and vault maps discovered:
D:1:      lightli_arrival_lavapool, layout_loops_ring
D:2:      layout_rooms
D:3:      layout_loops_cross, lemuel_doored_altar
D:4:      layout_rooms, minmay_temple_entry_large_hall
Temple:   cyrus_circular_temple

Skill      XL: |  1  2  3  4  5 |
---------------+----------------+-----
Dodging        | 2 |  2.2
Earth Magic    | 4 5 |  5.3
Fighting       | 1 2 |  2.5
Spellcasting   | 3 |  3.4
Armour         | 1 |  1.5
Short Blades   | |  0.2
Maces & Flails | |  0.9
Stealth        | |  2.8
Transmutations | |  0.7

Action                   |  1- 3 |  4- 6 || total
-------------------------+-------+-------++-------
Melee: Unarmed           |     9 |       ||     9
       Whip              |    74 |       ||    74
       Dagger            |    21 |   205 ||   226
 Cast: Sandblast         |    23 |    14 ||    37
 Stab: Sleeping          |     2 |     6 ||     8
       Distracted        |       |     1 ||     1
Armor: Robe              |    48 |    65 ||   113
Dodge: Dodged            |    84 |   142 ||   226

Table legend: (Time is in decaauts)
 A = Elapsed time spent in this place.
 B = Non-inter-level travel time spent in this place.
 C = Inter-level travel time spent in this place.
 D = Time resting spent in this place.
 E = Time spent auto-exploring this place.
 F = Levels seen in this place.
 G = Mean time per level.
                   A        B        C        D        E       F      G
               +--------+--------+--------+--------+--------+-----+--------+
         Total |   3975 |   3896 |     79 |    399 |   2538 |   5 |  795.0 |
       Dungeon |   3824 |   3756 |     68 |    399 |   2449 |   4 |  956.0 |
        Temple |    151 |    140 |     11 |      0 |     89 |   1 |  151.0 |
               +--------+--------+--------+--------+--------+-----+--------+

Top non-repeatable levels by time:
     D:1: 1524 daAuts
     D:2: 962 daAuts
     D:3: 908 daAuts
     D:4: 428 daAuts
  Temple: 151 daAuts
